 Dungeon Crawl Stone Soup version 0.26-a0-818-g75db068ed4 (webtiles) character file.

Game seed: 14648888352290116260

38 bastard the Vexing (level 3, -1/16 HPs)
             Began as a Spriggan Enchanter on Nov 14, 2020.
             Slain by a gnoll
             ... wielding a +0 whip
              (8 damage)
             ... on level 2 of the Dungeon.
             The game lasted 00:01:54 (1516 turns).

bastard the Vexing (Spriggan Enchanter)             Turns: 1516, Time: 00:01:55

Health: -1/16      AC:  2    Str: 10    XL:     3   Next: 25%
Magic:  6/8        EV: 18    Int: 16    God:
Gold:   49         SH:  0    Dex: 17    Spells: 2/7 levels left

rFire    . . .     SeeInvis +   a - +1 dagger
rCold    . . .     Faith    .   (shield restricted)
rNeg     . . .     Spirit   .   b - +0 robe
rPois    .         Reflect  .   (helmet restricted)
rElec    .         Harm     .   (no cloak)
rCorr    .         Rampage  .   (gloves unavailable)
MR       .....                  (boots unavailable)
Stlth    ++........             (no amulet)
HPRegen  0.05/turn              i - ring of attention (curse)
MPRegen  0.11/turn              h - +6 ring of strength

@: very quick
A: very small, unfitting armour, see invisible, speed 3
a: no special abilities


You were on level 2 of the Dungeon.
You visited 1 branch of the dungeon, and saw 2 of its levels.

You collected 49 gold pieces.

Inventory:

Hand Weapons
 a - a +1 dagger (weapon)
Armour
 b - a +0 robe (worn)
Jewellery
 h - a +6 ring of strength (right hand)
 i - a cursed ring of attention (left hand)
Scrolls
 c - a scroll of blinking
Potions
 e - 2 potions of ambrosia
 f - a potion of curing


   Skills:
 - Level 1.1 Short Blades
 - Level 3.0 Dodging
 - Level 4.4 Stealth
 - Level 2.6 Spellcasting
 + Level 5.3 Hexes


You had 2 spell levels left.
You knew the following spells:

 Your Spells              Type           Power        Failure   Level
b - Ensorcelled Hibernat  Hex/Ice        ##....       10%         2
c - Confusing Touch       Hex            ###.....     6%          3

Your spell library contained the following spells:

 Spells                   Type           Power        Failure   Level
 Corona                   Hex            ###....      2%          1
 Tukima's Dance           Hex            ###.....     6%          3
 Dazzling Flash           Conj/Hex       ##....       19%         3


Dungeon Overview and Level Annotations

Branches:
Dungeon (2/15)

Altars:
Vehumet
Zin


Innate Abilities, Weirdness & Mutations

You are very small and have problems with some larger weapons.
You are too small for most types of armour.
You have supernaturally acute eyesight. (SInv)
You cover ground extremely quickly.


Message History

You rip the net and break free!
The gnoll hits you with a +0 whip. The gnoll hits you!
Ouch! That really hurt!
The gnoll throws a throwing net.
The throwing net closely misses you.
You see here a throwing net.
There is a large open door here.
You close the large door.
A gnoll opens the door.
It is wielding a +0 whip.
Casting: Confusing Touch (extremely dangerous; 6% risk of failure)
Confirm with . or Enter, or press ? or * to list all spells.
The spell is extremely dangerous to cast (6% risk of failure)!
Continue anyway?
Okay, then.
Casting: Confusing Touch (extremely dangerous; 6% risk of failure)
Confirm with . or Enter, or press ? or * to list all spells.
Aiming: Ensorcelled Hibernation (safe; 10% risk of failure)
Press: ? - help, Shift-Dir - straight line, f - gnoll
Aim: a gnoll, wielding a +0 whip (chance to defeat MR: 50%)
The gnoll resists with some effort.
The gnoll hits you with a +0 whip!
Ouch! That really hurt!
You die...

..#........###########'....#.#
.............................#
..#.#......#...............###
..#.#..##..#####.#....######
###.......######.#....#
#......##≈≈≈≈##.....#
########≈≈..≈≈##....#
#########≈≈##.#≈≈#....#
........'..#.♣..@g....#
..####..'...♣.#..'.##.#
..#.....#≈≈#.##≈≈####.#
..#.##.###≈≈..≈≈##....#
.....).# ##≈≈≈≈####.###
..###### ######.....# ###
....###.####.# .............#
###.###.######


You could see a gnoll.

Vanquished Creatures
  2 worms (D:2)
  A dart slug (D:1)
  2 leopard geckos (D:1)
  3 giant cockroaches
  3 goblins
  A hobgoblin (D:1)
  4 jackals (D:1)
  3 kobolds
  4 bats (D:1)
  2 frilled lizards
  3 rats
28 creatures vanquished.

Notes
Turn   | Place    | Note
-------+----------+-------------------------------------------
     0 | D:1      | bastard the Spriggan Enchanter began the quest for the Orb.
     0 | D:1      | Reached XP level 1. HP: 9/9 MP: 5/5
   227 | D:1      | Reached skill level 4 in Hexes
   288 | D:1      | Reached XP level 2. HP: 13/13 MP: 6/6
   291 | D:1      | Learned a level 2 spell: Ensorcelled Hibernation
   717 | D:1      | Reached skill level 5 in Hexes
   990 | D:2      | Reached XP level 3. HP: 16/16 MP: 8/8
   994 | D:2      | Learned a level 3 spell: Confusing Touch
  1425 | D:2      | Found a glowing silver altar of Zin.
  1436 | D:2      | Found a radiant altar of Vehumet.
  1516 | D:2      | Slain by a gnoll

Illustrated notes

Levels and vault maps discovered:
D:1:      wheals_arrival_shading, layout_loops_ring
D:2:      layout_loops_cross, chequers_temple_overflow_statue_of_worship,
          kennysheep_pointless_box, kennysheep_generic_room_3

Skill      XL: |  1  2 |
---------------+-------+-----
Hexes          | 4 5 |  5.3
Short Blades   | |  1.1
Dodging        | |  3.0
Stealth        | |  4.4
Spellcasting   | |  2.6

Action                   || total
-------------------------++-------
Melee: Dagger            ||   126
 Cast: Ensorcelled Hiber ||     6
       Confusing Touch   ||     1
  Use: Scroll            ||     5
 Stab: Sleeping          ||    11
       Confused          ||     1
Armor: Robe              ||    10
Dodge: Dodged            ||   104

Table legend: (Time is in decaauts)
 A = Elapsed time spent in this place.
 B = Non-inter-level travel time spent in this place.
 C = Inter-level travel time spent in this place.
 D = Time resting spent in this place.
 E = Time spent auto-exploring this place.
 F = Levels seen in this place.
 G = Mean time per level.
                   A        B        C        D        E       F      G
               +--------+--------+--------+--------+--------+-----+--------+
         Total |   1197 |   1184 |     13 |      0 |    935 |   2 |  598.5 |
       Dungeon |   1197 |   1184 |     13 |      0 |    935 |   2 |  598.5 |
               +--------+--------+--------+--------+--------+-----+--------+

Top non-repeatable levels by time:
     D:1: 737 daAuts
     D:2: 460 daAuts
